 Dungeon Crawl Stone Soup version 0.19-a0-1127-gac58878 (webtiles) character file.

52826 Gagarin the Nimble (level 14, -2/141 HPs)
             Began as a Troll Hunter on Aug 12, 2016.
             Was an Elder of Elyvilon.
             Splashed by an acid blob's acid (5 damage)
             ... on level 6 of the Lair of Beasts.
             The game lasted 01:29:37 (23595 turns).

Gagarin the Nimble (Troll Hunter)                  Turns: 23595, Time: 01:29:38

Health: -2/141     AC: -2    Str: 23    XL:     14   Next: 28%
Magic:  0/13       EV: 21    Int:  7    God:    Elyvilon [****..]
Gold:   1255       SH:  0    Dex: 21    Spells: 1 memorised, 13 levels left

rFire  + . .     SeeInvis +       - Unarmed
rCold  . . .     Gourm    +     v - +0 robe of Renosch {Int+2 Dex+7}
rNeg   . . .     Faith    .     (no shield)
rPois  .         Spirit   +     L - +1 hat {SInv}
rElec  +         Dismiss  .     a - +0 cloak "Wazutuong" {Regen+ Stlth+}
rCorr  +         Reflect  .     (gloves unavailable)
SustAt .         Harm     .     (boots unavailable)
MR     ++...     Rnd*Rage +     k - amulet of guardian spirit
Stlth  ++++......               Q - ring of protection from magic
                                M - ring of resist corrosion

@: corroded
A: unfitting armour, claws 3, berserk 1, deformed body, dopey 1, fire resistance
1, fast metabolism 3, gourmand, low mp 1, regeneration 2, shaggy fur 1,
electricity resistance, tough skin 2, no device heal 1
a: Lesser Healing, Heal Other, Purification, Greater Healing, Divine Protection,
Renounce Religion


You were on level 6 of the Lair of Beasts.
You worshipped Elyvilon.
Elyvilon was greatly pleased with you.
You were not hungry.

You visited 4 branches of the dungeon, and saw 22 of its levels.
You also visited: Ossuary and Ice Cave.

You collected 1655 gold pieces.
You spent 400 gold pieces at shops.

Inventory:

Hand Weapons
 d - a +0 giant spiked club
 y - a +1 blowgun
 T - a +4 demon trident
 X - a +2 battleaxe of freezing
Missiles
 q - 63 poisoned needles
 t - 11 needles of confusion
 G - a curare-tipped needle
 O - a large rock (quivered)
 Z - 8 tomahawks
Armour
 a - the +0 cloak "Wazutuong" (worn) {Regen+ Stlth+}
   (You acquired it on level 1 of the Lair of Beasts)

   It increases your rate of regeneration.
   It makes you more stealthy.
 b - a +0 robe
 l - a +1 robe of magic resistance
 v - the +0 robe of Renosch (worn) {Int+2 Dex+7}
   (You acquired it on level 6 of the Lair of Beasts)

   It affects your intelligence (+2).
   It affects your dexterity (+7).
 L - a +1 hat of see invisible (worn)
 N - a +1 cloak of cold resistance
Magical Staves
 V - a cursed staff of poison {unknown}
Jewellery
 h - an uncursed amulet of rage {unknown}
 k - an amulet of guardian spirit (around neck)
 M - a ring of resist corrosion (left claw)
 Q - a ring of protection from magic (right claw)
Wands
 D - a wand of hasting (4/9)
 E - a wand of disintegration (23/24)
 P - a wand of digging (6/24)
 Y - a wand of acid (11/15)
Scrolls
 i - a scroll of identify
 m - 9 scrolls of remove curse
 o - 5 scrolls of recharging
 w - a scroll of amnesia
 A - a scroll of fog
 S - 2 scrolls of enchant armour {unknown}
 W - a scroll of silence {unknown}
Potions
 r - 2 potions of cancellation
 s - a potion of invisibility {unknown}
 x - 2 potions of brilliance
 z - 10 potions of curing
 C - a potion of magic
 H - a potion of flight
 I - a potion of degeneration {unknown}
 J - 2 potions of lignification
Books
 e - a book of Summonings

   Spells                             Type                      Level
   a - Recall                         Summoning/Translocation      3
   b - Aura of Abjuration             Summoning                    5
   c - Summon Demon                   Summoning                    5
   d - Summon Forest                  Summoning/Translocation      5
   e - Summon Mana Viper              Hexes/Summoning              5
   f - Shadow Creatures               Summoning                    6
 j - a book of Misfortune

   Spells                             Type                      Level
   a - Confusing Touch                Hexes                        1
   b - Confuse                        Hexes                        3
   c - Gell's Gravitas                Hexes/Translocation          3
   d - Petrify                        Transmutation/Earth          4
   e - Metabolic Englaciation         Hexes/Ice                    5
   f - Yara's Violent Unravelling     Hexes/Transmutation          5
Miscellaneous
 U - a phial of floods
Comestibles
 c - a royal jelly
 f - 11 bread rations
 g - 10 meat rations
 n - 4 beef jerkies
 K - 4 slices of pizza


   Skills:
 + Level 9.9 Fighting
 + Level 0.3 Maces & Flails
 + Level 6.8 Throwing
 + Level 13.1 Dodging
 + Level 4.7 Stealth
 + Level 12.4 Unarmed Combat
 + Level 0.5 Spellcasting
 + Level 0.3 Hexes
 + Level 2.4 Invocations
 + Level 1.9 Evocations


You had 13 spell levels left.
You knew the following spells:

 Your Spells              Type           Power        Failure   Level  Hunger
a - Confusing Touch       Hex            #.....       47%         1    ##.....


Dungeon Overview and Level Annotations

Branches:
Dungeon (13/15)            Temple (1/1) D:7            Lair (6/6) D:10
  Swamp (0/4) Lair:3       Spider (0/4) Lair:3        Slime (2/5) Lair:6
    Orc: D:9-12      Vaults: D:13-14

Altars:
Ashenzari
Cheibriados
Dithmenos
Elyvilon
Fedhas
Gozag
Hepliaklqana
Kikubaaqudgha
Makhleb
Nemelex Xobeh
Okawaru
Pakellas
Qazlal
Ru
Sif Muna
Trog
Uskayaw
Vehumet
Xom
Yredelemnul
Zin
The Shining One

Shops:
D:4 (   D:5 (   D:12 =


Innate Abilities, Weirdness & Mutations

You are too large for most types of armour.
You have claws for hands.
Your metabolism is lightning-fast.
You like to eat raw meat.
You heal very quickly.
You are covered in fur. (AC +1)
You have very tough skin. (AC +2)
You tend to lose your temper in combat.
Armour fits poorly on your strangely shaped body.
You are dopey. (Int -2)
Your flesh is heat resistant. (rF+)
Your magical capacity is low. (-10% MP)
You are resistant to electric shocks. (rElec)
Potions and wands are less effective at restoring your health.


Message History

The splash of acid hits you! You resist.
* * * LOW HITPOINT WARNING * * *
The acid corrodes you!
The acid burns!
You resist. Elyvilon protects you from harm!
The acid blob jiggles.
The acid blob spits acid at you. The splash of acid hits you! You resist.
Elyvilon protects you from harm!
The acid burns!
You resist. Elyvilon protects you from harm!
Okay, then.
As you read the scroll of fear, it crumbles to dust.
You assume a fearsome visage.
The acid blob resists with almost no effort.
Your divine protection fades away.
The acid blob spits acid at you. The splash of acid hits you! You resist.
* * * LOW HITPOINT WARNING * * *
The acid burns!
You resist.
You die...

##.#..##P.....# #...P###
##..#####......####..## #
#....##........#......###
#P#.###..)...............
#######..#...###..P.P#P..
#...##..# ########.#
##..##### ### #...# ##.@#
##.# #J# #####.# #.....##
#####.....# #.##......##
##.....###.## ##......#
#..#####


You could see an acid blob.

Vanquished Creatures
  An acid blob (Lair:6)
  Nessos (Lair:5)
  Snorg (Lair:5)
  A death ooze (Lair:6)
  A centaur warrior (D:13)
  A fire crab (Lair:6)
  3 hill giants
  A deep elf mage (D:13)
  An ugly thing (D:13)
  A griffon (Lair:4)
  5 oklob plants
  A manticore (D:13)
  An orb spider (Lair:3)
  2 shining eyes
  An eye of devastation (Slime:1)
  3 black mambas
  6 elephants (Lair:5)
  3 torpor snails (Lair:4)
  2 ice statues (IceCv)
  A gargoyle (D:7)
  8 spiny frogs
  4 komodo dragons
  5 rime drakes
  8 ice devils (IceCv)
  2 trolls
  2 boulder beetles (Lair:4)
  2 polar bears (Lair:6)
  3 two-headed ogres
  10 slime creatures
  Grinder (D:5)
  8 blink frogs (Lair:6)
  A redback (Lair:6)
  11 spriggans
  2 wyverns
  26 yaks
  Sigmund (D:3)
  2 hungry ghosts
  10 hippogriffs
  3 basilisks
  A human (D:7)
  A hog (D:7)
  Edmund (D:5)
  3 porcupines
  2 sky beasts
  15 water moccasins
  2 wasps
  13 ice beasts
  4 orc warriors
  3 eyes of draining
  2 phantoms
  6 black bears
  A necrophage (D:6)
  5 ogres
  3 boggarts (Lair:6)
  4 centaurs
  33 wolves
  14 crocodiles
  A big kobold (D:11)
  An elf zombie (Ossuary)
  13 giant frogs
  A gnoll sergeant (D:3)
  A wyvern skeleton (D:13)
  5 scorpions
  18 killer bees
  4 wights (D:9)
  2 howler monkeys
  2 electric eels (Lair:2)
  6 crimson imps
  3 centaur zombies
  A giant frog skeleton (D:11)
  3 jellies
  7 orc priests
  4 hounds
  Crazy Yiuf (D:3)
  3 centaur skeletons
  8 orc wizards
  4 iguanas
  3 gnoll shamans (D:3)
  9 worker ants
  7 sheep
  2 big kobold zombies (Ossuary)
  A hound zombie (Ossuary)
  5 hound skeletons
  4 mummies (Ossuary)
  2 worker ant zombies
  52 gnolls
  9 adders
  54 river rats
  10 white imps (IceCv)
  7 ufetubi (IceCv)
  2 oozes
  2 adder zombies (Ossuary)
  2 adder skeletons (D:5)
  4 worms
  A dart slug (D:1)
  5 giant geckos
  34 orcs
  12 bats
  5 giant cockroaches
  4 goblins
  4 hobgoblins
  28 jackals
  12 kobolds
  4 quokkas
  3 ball pythons
  4 giant newts
  2 gnoll zombies (Ossuary)
  2 goblin zombies (Ossuary)
  A hobgoblin zombie (Ossuary)
  A jackal zombie (Ossuary)
  4 rats
  A plant (D:10)
649 creatures vanquished.

Vanquished Creatures (collateral kills)
  A spriggan (Lair:6)
  2 river rats (Lair:6)
3 creatures vanquished.

Vanquished Creatures (others)
  A reaper (IceCv)
  A spiny frog (Lair:4)
  An orc wizard (D:12)
  2 white imps (IceCv)
  An ufetubus (IceCv)
  8 fungi
  8 plants
22 creatures vanquished.

Grand Total: 674 creatures vanquished

Notes
Turn   | Place    | Note
-------+----------+-------------------------------------------
     0 | D:1      | Gagarin the Troll Hunter began the quest for the Orb.
     0 | D:1      | Reached XP level 1. HP: 19/19 MP: 0/0
   177 | D:1      | Reached XP level 2. HP: 25/27 MP: 1/1
   611 | D:2      | Reached XP level 3. HP: 35/35 MP: 2/2
   612 | D:2      | Reached skill level 2 in Dodging
  1507 | D:3      | Reached XP level 4. HP: 39/42 MP: 1/3
  1510 | D:3      | Found a shattered altar of Ashenzari.
  1556 | D:3      | Reached skill level 3 in Dodging
  1728 | D:3      | Reached skill level 1 in Unarmed Combat
  1728 | D:3      | Reached XP level 5. HP: 49/49 MP: 4/4
  1814 | D:3      | Reached skill level 1 in Stealth
  2224 | D:3      | Reached XP level 6. HP: 45/57 MP: 3/5
  2226 | D:3      | Reached skill level 4 in Dodging
  2683 | D:3      | Reached XP level 7. HP: 60/66 MP: 6/6
  2996 | D:3      | Noticed Sigmund
  3012 | D:3      | Killed Sigmund
  3012 | D:3      | Reached skill level 5 in Dodging
  3324 | D:3      | Found a runed door.
  3328 | D:3      | Noticed Crazy Yiuf
  3331 | D:3      | Killed Crazy Yiuf
  3615 | D:4      | Reached XP level 8. HP: 70/78 MP: 7/7
  3684 | D:4      | Found Xarilym's Antique Weapon Boutique.
  3687 | D:4      | Bought a runed blowgun for 60 gold pieces
  3820 | D:4      | Found a blossoming altar of Fedhas.
  4152 | D:4      | Reached skill level 5 in Unarmed Combat
  4310 | D:5      | Entered Level 5 of the Dungeon
  4598 | D:5      | Found Aplus's Antique Weapon Emporium.
  4599 | D:5      | Noticed Edmund
  4614 | D:5      | Killed Edmund
  4614 | D:5      | Reached skill level 6 in Dodging
  4985 | D:5      | Noticed Grinder
  4997 | D:5      | Killed Grinder
  5003 | D:5      | Reached XP level 9. HP: 43/85 MP: 4/8
  5232 | D:6      | Reached skill level 5 in Throwing
  5614 | D:6      | Reached skill level 5 in Fighting
  5798 | D:6      | Found a hazy altar of Hepliaklqana.
  6148 | D:7      | Noticed a gargoyle
  6160 | D:7      | Killed a gargoyle
  6160 | D:7      | Reached skill level 7 in Dodging
  6364 | D:7      | Found a staircase to the Ecumenical Temple.
  6374 | Temple   | Entered the Ecumenical Temple
  6511 | Temple   | Became a worshipper of Elyvilon the Healer
  6986 | D:7      | Reached XP level 10. HP: 78/98 MP: 9/9
  7151 | D:8      | Reached * piety under Elyvilon
  7325 | D:8      | Found an opulent altar of Gozag.
  7422 | D:8      | Found a sand-covered staircase.
  7427 | Ossuary  | Entered an ossuary
  7677 | Ossuary  | Got a warped scythe
  8263 | D:9      | Noticed a hill giant
  8287 | D:9      | Killed a hill giant
  8287 | D:9      | Reached skill level 8 in Dodging
  8924 | D:9      | Reached ** piety under Elyvilon
  9177 | D:9      | Noticed a hill giant
  9196 | D:9      | Killed a hill giant
  9383 | D:9      | Found a deep blue altar of Sif Muna.
  9545 | D:10     | Entered Level 10 of the Dungeon
 10239 | D:10     | Found a staircase to the Lair.
 10240 | D:10     | Noticed an oklob plant
 10256 | D:10     | Killed an oklob plant
 10256 | D:10     | Reached skill level 9 in Dodging
 10256 | D:10     | Reached XP level 11. HP: 97/107 MP: 8/10
 10275 | Lair:1   | Entered Level 1 of the Lair of Beasts
 10946 | Lair:1   | Reached *** piety under Elyvilon
 12378 | Lair:3   | Found a hole to the Spider Nest.
 12378 | Lair:3   | Noticed an orb spider
 12381 | Lair:3   | Reached **** piety under Elyvilon
 12395 | Lair:3   | Killed an orb spider
 12487 | Lair:3   | Reached skill level 10 in Dodging
 12753 | Lair:3   | Found a staircase to the Swamp.
 13657 | Lair:4   | Reached ***** piety under Elyvilon
 13776 | Lair:4   | Found a snail-covered altar of Cheibriados.
 13790 | Lair:4   | Reached skill level 10 in Unarmed Combat
 13790 | Lair:4   | Reached XP level 12. HP: 55/119 MP: 6/11
 14317 | Lair:4   | Reached skill level 1 in Invocations
 15495 | Lair:1   | Identified 2 scrolls of acquirement
 15496 | Lair:1   | Got a spiked cloak
 15507 | Lair:1   | Identified the +0 cloak "Wazutuong" {Regen+ Stlth+} (You acquired it on level 1 of the Lair of Beasts)
 15644 | Lair:5   | Reached skill level 11 in Dodging
 15946 | Lair:5   | Noticed Nessos
 15961 | Lair:5   | Killed Nessos
 16464 | Lair:5   | Noticed Snorg
 16478 | Lair:5   | Killed Snorg
 16597 | Lair:6   | Entered Level 6 of the Lair of Beasts
 16827 | Lair:6   | Learned a level 1 spell: Confusing Touch
 16843 | Lair:6   | Reached XP level 13. HP: 114/128 MP: 10/13
 17213 | Lair:6   | HP: 6/130 [spriggan rider/spear (21)]
 17219 | Lair:6   | HP: 3/130 [spriggan rider/spear (5)]
 17500 | Lair:6   | Found a staircase to the Slime Pits.
 17722 | Lair:6   | Reached skill level 1 in Evocations
 17808 | Slime:1  | Entered Level 1 of the Pits of Slime
 17808 | Slime:1  | Noticed an acid blob
 18347 | Lair:6   | Reached skill level 12 in Dodging
 18605 | Lair:6   | Got a colourful robe
 18721 | Lair:6   | Identified the +0 robe of Renosch {Int+2 Dex+7} (You acquired it on level 6 of the Lair of Beasts)
 19429 | Lair:5   | HP: 3/131 [seven-headed hydra (12)]
 19429 | Lair:5   | Elyvilon protects you from harm!
 19429 | Lair:5   | Elyvilon protects you from harm!
 19429 | Lair:5   | Elyvilon protects you from harm!
 19430 | Lair:5   | Elyvilon protects you from harm!
 19430 | Lair:5   | Elyvilon protects you from harm!
 19617 | Lair:5   | Elyvilon protects you from harm!
 19617 | Lair:5   | HP: 1/131 [six-headed hydra (10)]
 19617 | Lair:5   | Elyvilon protects you from harm!
 19618 | Lair:5   | Elyvilon protects you from harm!
 19618 | Lair:5   | Elyvilon protects you from harm!
 19618 | Lair:5   | Elyvilon protects you from harm!
 19618 | Lair:5   | Elyvilon protects you from harm!
 19618 | Lair:5   | Elyvilon protects you from harm!
 20249 | D:10     | You fall through a shaft for 3 floors!
 20598 | D:13     | Noticed an ettin
 20640 | D:12     | Found Ruptub's Jewellery Shoppe.
 20670 | D:12     | Bought an uncursed ring of resist corrosion for 340 gold pieces
 20867 | D:11     | Found a frozen archway.
 20893 | IceCv    | Entered an ice cave
 21190 | IceCv    | Killed a reaper
 21258 | IceCv    | Reached XP level 14. HP: 125/141 MP: 12/14
 21513 | IceCv    | Gained mutation: You are dopey. (Int -2) [potion of mutation]
 21513 | IceCv    | Gained mutation: You have sharp toenails. [potion of mutation]
 21514 | IceCv    | Gained mutation: You tend to lose your temper in combat. [potion of mutation]
 21514 | IceCv    | Gained mutation: Armour fits poorly on your strangely shaped body. [potion of mutation]
 21514 | IceCv    | Gained mutation: You are resistant to electric shocks. (rElec) [potion of mutation]
 22197 | D:11     | Gained mutation: You are frail. (-10% HP) [mutagenic meat]
 22200 | D:11     | Gained mutation: Your flesh is heat resistant. (rF+) [mutagenic meat]
 22296 | D:11     | Lost mutation: You have sharp toenails. [potion of cure mutation]
 22296 | D:11     | Lost mutation: You are frail. (-10% HP) [potion of cure mutation]
 22718 | Lair:6   | HP: 7/141 [acid (5)]
 22907 | Lair:6   | Killed an acid blob
 22907 | Lair:6   | Reached skill level 13 in Dodging
 22961 | Slime:1  | Gained mutation: Potions and wands are less effective at restoring your health. [a shining eye]
 22962 | Slime:1  | Gained mutation: Your magical capacity is low. (-10% MP) [a shining eye]
 23355 | Slime:2  | Noticed an acid blob
 23371 | Slime:1  | Noticed an acid blob
 23582 | Lair:6   | Elyvilon protects you from harm!
 23587 | Lair:6   | HP: 4/141 [acid (5)]
 23590 | Lair:6   | Elyvilon protects you from harm!
 23591 | Lair:6   | Elyvilon protects you from harm!
 23591 | Lair:6   | Elyvilon protects you from harm!
 23595 | Lair:6   | HP: 3/141 [acid blob/splash of acid (6)]
 23595 | Lair:6   | Splashed by an acid blob's acid

Vault maps used:
D:1:      lightli_molten_gateway, serial_bayou_pond_d
D:3:      lemuel_castle_with_subvaults, nicolae_ashenzari_panopticon,
          first_bread, uniq_sigmund, uniq_crazy_yiuf_cottage
D:4:      fedhas_bush_and_centaur_altar, serial_shops, kennysheep_mini_moat
D:5:      serial_shops, shop_coins, grunt_ministairs_1, uniq_edmund,
          uniq_grinder
D:6:      overflow_temple_1_default, nrook_mini_backslash
D:7:      grunt_livestock
D:8:      nicolae_gozag_cash_rules_everything_around_me, enter_ossuary_2
D:9:      lemuel_coloured_pillars_altar, kennysheep_potato
D:10:     dpeg_oklobed_lair, kennysheep_minor_cross, interstate_on_off
D:11:     portal_ice_cave_entry_ice_beasts
D:12:     erik_orc_4, serial_shops, shop,
          nicolae_shop_temple_entry_statues_fountains,
          nicolae_shop_window_shopping, lemuel_statue_altar
D:13:     david_vaults_4
Temple:   minmay_crystal_spiral_temple
Lair:2:   grunt_megastairs_5, infiniplex_staircase_pool, serial_bayou_shore_b
Lair:3:   swamp_mist_pool, nicolae_spider_entry_orb_guardian
Lair:4:   kennysheep_snail_temple, lemuel_fruit_tree, grunt_megastairs_2
Lair:5:   minivault_23, uniq_snorg, uniq_nessos
Lair:6:   minmay_lair_end_enchanted_forest, minmay_slime_entry_oklob_enclosed,
          st_stairs_3, minmay_stone_trees_medium
Slime:2:  nicolae_slime_round_cave
Ossuary:  ossuary_minmay_tomb_2a
IceCv:    ice_cave_small_demon

Skill      XL: |  1  2  3  4  5  6  7  8  9 10 11 12 13 14 |
---------------+-------------------------------------------+-----
Throwing       | 4 5 6 |  6.8
Dodging        | 2 3 4 5 6 7 9 10 11 12 13 | 13.1
Unarmed Combat | 1 2 4 5 7 8 10 11 12 | 12.4
Stealth        | 1 2 3 4 |  4.7
Fighting       | 2 3 4 5 6 7 8 9 |  9.9
Invocations    | 1 2 |  2.4
Evocations     | 1 |  1.9
Maces & Flails | |  0.3
Spellcasting   | |  0.5
Hexes          | |  0.3

Action                   |  1- 3 |  4- 6 |  7- 9 | 10-12 | 13-15 || total
-------------------------+-------+-------+-------+-------+-------++-------
Melee: Short sword       |    39 |       |       |       |       ||    39
       Unarmed           |    80 |   239 |   391 |   982 |   702 ||  2394
       Punch             |       |       |    12 |    46 |    50 ||   108
       Giant spiked club |       |       |       |       |     5 ||     5
       Kick              |       |       |       |       |    24 ||    24
 Fire: Blowgun           |       |       |    25 |    24 |     5 ||    54
Throw: Large rock        |     3 |    16 |    15 |     2 |     4 ||    40
       Throwing net      |       |     7 |     4 |     2 |       ||    13
       Javelin           |       |       |       |    36 |     7 ||    43
       Tomahawk          |       |       |       |       |    21 ||    21
 Cast: Confusing Touch   |       |       |       |     1 |     2 ||     3
Invok: Heal Other        |       |       |       |     4 |       ||     4
       Greater Healing   |       |       |       |     5 |     9 ||    14
       Purification      |       |       |       |     1 |       ||     1
       Divine Protection |       |       |       |       |     3 ||     3
Evoke: Wand              |       |       |       |     1 |    38 ||    39
       Phial of floods   |       |       |       |       |     1 ||     1
  Use: Scroll            |       |     3 |     3 |    15 |    24 ||    45
       Potion            |       |       |     1 |     3 |     9 ||    13
 Stab: Sleeping          |     1 |       |       |    11 |     8 ||    20
       Held in net/web   |       |     2 |     1 |       |       ||     3
       Confused          |       |       |       |     2 |       ||     2
       Distracted        |       |       |       |     1 |     3 ||     4
  Eat: Chunk             |    11 |    19 |    48 |    96 |    53 ||   227
       Fruit             |       |       |       |       |     6 ||     6
       Pizza             |       |       |       |       |     4 ||     4
Armor: Robe              |    59 |    97 |    80 |   198 |    99 ||   533
Dodge: Dodged            |    83 |   135 |   210 |   751 |   682 ||  1861
